[Event "Early-Titled-Tuesday-Blitz-March-05-2024"]
[Site "Chess.com"]
[Date "2024.03.05"]
[Round "6"]
[White "ajeale2"]
[Black "IlanSchnaider"]
[Result "1-0"]
[WhiteElo "2505"]
[BlackElo "2646"]
[TimeControl "180+1"]
[EndTime "9:10:25 PST"]
[Termination "ajeale2 won on time"]

1. e4 c5 2. Nc3 d6 3. g3 g6 4. Bg2 Bg7 5. Nge2 Nc6 6. O-O e6 7. d3 Nge7 8. Be3 O-O 9. Qd2 Rb8 10.
Rab1 b5 11. f4 b4 12. Nd1 Nd4 13. Nf2 f5 14. Nh3 Bd7 15. Ng5 h6 16. Nf3 Nxe2+ 17.
Qxe2 fxe4 18. dxe4 Bb5 19. Qd2 Bxf1 20. Bxf1 Kh7 21.
Bd3 Qc7 22. b3 d5 23. e5 Nf5 24. Bf2 c4 25. bxc4 dxc4 26. Be4 Rfd8 27. Qe1 Qf7 28.
h4 Kg8 29. Rxb4 Rxb4 30. Qxb4 Qc7 31. g4 Bf8 32. Qa4 Ne7 33. Qa6 Kf7 34. Nd4 Qc8 35.
Qxa7 Qd7 36. Qa6 Nd5 37. f5 Nc7 38. Qxc4 gxf5 39. gxf5 Be7 40. Kf1 Rg8 41. fxe6+ Nxe6 42. Bf5 Qb7 43. Qxe6+ Kf8 44. Qc8+ Qxc8 45. Bxc8 Kg7 46. Nf5+ Kf7 47. Bb7 Rd8 48. Be4 Rb8 49. a4 Rb1+ 50.
Kg2 Ra1 51. Bc6 Rc1 52. Bd5+ Kf8 53. Bb3 Rd1 54. Nxh6 Rd2 55. Kf3 Rd1 56. Nf5 Bb4 57. Be3 Rf1+ 58. Ke4 Rh1 59. Bh6+ Ke8 60. Bg5 Re1+ 61.
Kd5 Rd1+ 62. Ke6 Rd7 63. h5 Ra7 64. Nd6+ Kf8 65. h6 Rc7 66. Bf6 1-0

[Event "Early-Titled-Tuesday-Blitz-March-05-2024"]
[Site "Chess.com"]
[Date "2024.03.05"]
[Round "6"]
[White "PositionalPanther"]
[Black "sorch29"]
[Result "1/2-1/2"]
[WhiteElo "2610"]
[BlackElo "2449"]
[TimeControl "180+1"]
[EndTime "9:10:26 PST"]
[Termination "Game drawn by repetition"]

1. Nf3 Nf6 2. g3 g6 3. b3 Bg7 4.
Bb2 O-O 5. Bg2 d6 6. d4 Nbd7 7.
O-O e5 8. dxe5 Ng4 9. Qd2 Ndxe5 10. c4 Rb8 11. h3 Nxf3+ 12. exf3 Bxb2 13. Qxb2 Nf6 14.
Nc3 Be6 15. Rad1 a6 16. f4 Nd7 17. Ne4 h6 18. Rfe1 Qe7 19. Qc3 Rfe8 20. g4 Qf8 21. Nf6+ Nxf6 22. Qxf6 Qg7 23. Qh4 b5 24. cxb5 axb5 25. Re3 g5 26. Qg3 Bd7 27. Rde1 Rxe3 28. Rxe3 Re8 29. Rxe8+ Bxe8 30. Qe3 Kf8 31. fxg5 hxg5 32.
Qc1 c5 33. Kh1 Qe5 34. Qd2 b4 35. Bd5 Ke7 36. Kg2 f6 37. Qd3 Bf7 38. Bxf7 Kxf7 39. Qh7+ Ke6 40. Qg8+ Kd7 41. Qf7+ Kd8 42. Qa7 Ke8 43.
Qb8+ Ke7 44. Qc7+ Ke6 45. Qc8+ Kd5 46. Qa8+ Kd4 47. a4 bxa3 48. Qxa3 Kc3 49. b4+ Kc4 50. bxc5 dxc5 51. Qa2+ Kd4 52. Qd2+ Ke4 53. Qc2+ Kd5 54. Qb3+ c4 55. Qb7+ Kd4 56. Qb6+ Kd3 57. Kf1 c3 58. Qb3 Qe2+ 59. Kg2 Qe4+ 60. f3 Qe2+ 61. Kg3 Qe5+ 62. Kg2 Kd2 63. Qb4 Ke2 64. Qc4+ Kd2 65. Qb4 Kd1 66. Qb1+ Kd2 67. Qb4 1/2-1/2

[Event "Early-Titled-Tuesday-Blitz-March-05-2024"]
[Site "Chess.com"]
[Date "2024.03.05"]
[Round "6"]
[White "RandomNoob04"]
[Black "Nuvas"]
[Result "1/2-1/2"]
[WhiteElo "2603"]
[BlackElo "2809"]
[TimeControl "180+1"]
[EndTime "9:10:36 PST"]
[Termination "Game drawn - insufficient material"]

1. e4 e5 2. d4 exd4 3. Qxd4 Nc6 4. Qe3 Bb4+ 5. c3 Ba5 6. Nf3 Nge7 7. Bc4 O-O 8. O-O Bb6 9. Qe2 d6 10. h3 Ng6 11.
Bg5 Qe8 12. Nbd2 Be6 13. Bb5 f6 14. Be3 Nge5 15. Bxb6 axb6 16. Nd4 Bd7 17. Nxc6 bxc6 18. Bd3 Qg6 19. Kh1 Rfe8 20. Bc2 Qh6 21. f4 Ng6 22. Qf2 b5 23. Rad1 Kh8 24. a3 c5 25. e5 fxe5 26.
Bxg6 Qxg6 27. fxe5 Bc6 28. Nf3 Bxf3 29. Qxf3 dxe5 30. Rd5 e4 31. Qe3 b4 32. Qxc5 bxa3 33. bxa3 h6 34. Qe3 Rxa3 35. Rd7 Ra2 36. g4 Qe6 37. Qd4 Qe5 38. Rf8+ Kh7 39. Qxe5 Rxe5 40. Rff7 e3 41. Rxg7+ Kh8 42. Rh7+ Kg8 43. Rdg7+ Kf8 44.
Rxc7 Kg8 45. Rcg7+ Kf8 46. Rb7 Kg8 47. Rhe7 Rxe7 48.
Rxe7 e2 49. Kg1 Rc2 50. Kf2 Rxc3 51. Rxe2 Rxh3 52. Kg2 Rb3 53. Rf2 Kg7 54. Rf3 Rb4 55. Kg3 Kg6 56. Rc3 Rb6 57. Rc5 Rb3+ 58. Kh4 Rb6 59. Rd5 Ra6 60. Rb5 Rd6 61. Rc5 Rf6 62. Rb5 Rf1 63. Rb6+ Kg7 64. Ra6 Rf2 65. Kg3 Rc2 66.
Kh4 Rc4 67. Kh5 Rc5+ 68. Kh4 Rg5 69. Ra7+ Kh8 70. Ra6 Kh7 71. Ra7+ Rg7 72. Rxg7+ Kxg7 73. Kh5 Kh7 74. g5 hxg5 75. Kxg5 1/2-1/2

[Event "Early-Titled-Tuesday-Blitz-March-05-2024"]
[Site "Chess.com"]
[Date "2024.03.05"]
[Round "6"]
[White "goldihouse"]
[Black "whiteglovethief"]
[Result "0-1"]
[WhiteElo "2645"]
[BlackElo "2501"]
[TimeControl "180+1"]
[EndTime "9:10:36 PST"]
[Termination "whiteglovethief won on time"]

1. c4 e6 2. g3 d5 3. Bg2 Nf6 4. Nf3 dxc4 5. Qa4+ Nbd7 6. Qxc4 a6 7.
Qc2 Bd6 8. a4 O-O 9. O-O e5 10. d3 Rb8 11. a5 b5 12. axb6 cxb6 13.
Nbd2 Bb7 14. Nc4 Bc7 15. Bg5 b5 16. Bxf6 Qxf6 17. Na5 Bxa5 18. Rxa5 Rfc8 19. Qd2 Nb6 20. Raa1 e4 21. dxe4 Nc4 22. Qg5 Qxb2 23. e3 Bxe4 24. Nd4 Bxg2 25. Kxg2 h6 26. Qf4 Re8 27. Kg1 Nd2 28.
Rfd1 Rb6 29. Rac1 Rf6 30. Rc2 Qxc2 31. Nxc2 Rxf4 32. gxf4 Nc4 33. Nd4 b4 34. Rc1 Nd2 35. Ra1 b3 36. Rxa6 b2 37. Rb6 b1=Q+ 38. Rxb1 Nxb1 39. Kg2 Nc3 40. Kf3 g6 41. h4 Kg7 42.
f5 Kf6 43. fxg6 fxg6 44. Kg3 g5 45. Kf3 gxh4 46. Kg4 Nd1 47. Kf3 Kg5 48. Ke2 Nc3+ 49. Kf3 Rf8+ 50. Kg2 Rf6 51. Nf3+ Kg6 52. Nxh4+ Kg7 53.
Nf3 Ne4 54. Nd4 Nxf2 55. Kg3 Ne4+ 56. Kg4 Ng5 57. Nf5+ Kg6 58. Nh4+ Kf7 59. Nf5 Rxf5 60. Kxf5 Kg7 61. e4 Nf7 62. e5 Nd8 63. e6 Nxe6 64.
Kxe6 Kg6 65. Ke5 Kg5 66. Ke4 Kg4 67. Ke3 Kg3 68. Ke2 Kg2 69. Ke3 h5 70. Kf4 h4 71.
Kg4 h3 72. Kg5 h2 0-1

[Event "Early-Titled-Tuesday-Blitz-March-05-2024"]
[Site "Chess.com"]
[Date "2024.03.05"]
[Round "6"]
[White "yonaltimur"]
[Black "noblerone"]
[Result "1/2-1/2"]
[WhiteElo "2360"]
[BlackElo "2513"]
[TimeControl "180+1"]
[EndTime "9:10:37 PST"]
[Termination "Game drawn by repetition"]

1. e4 d5 2. exd5 Qxd5 3. Nc3 Qd8 4. d4 Nf6 5. Be2 Bf5 6. Be3 e6 7. Nf3 c6 8. O-O Bd6 9. Qd2 O-O 10. Bf4 Bxf4 11. Qxf4 Bxc2 12. Rac1 Bg6 13. Rfd1 Nbd7 14. Ne5 Nxe5 15. dxe5 Nd5 16. Qf3 Qb6 17. Na4 Qa5 18.
b3 Rfd8 19. Rc5 Qc7 20. Rcc1 Qxe5 21. Nc5 Rab8 22. h4 h5 23. g3 b6 24. Nd3 Bxd3 25. Bxd3 c5 26. Bb1 g6 27. Re1 Qf6 28. Qe4 Nb4 29.
a3 Nd5 30. Qc2 Rd6 31. Rcd1 Rbd8 32. Qc1 Nc3 33. Rxd6 Rxd6 34. Bc2 Kg7 35. Re3 Nd5 36. Re1 Qc3 37. Rd1 Rd7 38. Rd2 Nf6 39. Rxd7 Nxd7 40. Qd1 Nf6 41. Qe2 Qa1+ 42. Kg2 Qd4 43. a4 Ng4 44. Qf3 Ne5 45. Qb7 Qd5+ 46. Be4 Qxb7 47. Bxb7 Kf6 48. f4 Ng4 49. Kf3 Ke7 50. Ke4 Nf6+ 51.
Kd3 Kd6 52. Ba6 Nd5 53. Bc4 Nb4+ 54. Ke4 f6 55. Ke3 f5 56. Kf3 Nc6 57. Ke3 Nd4 58. Kd3 Nc6 59. Ke3 Na5 60. Bb5 Nxb3 61. Be8 c4 62. Bxg6 Nc5 63. Kd4 Nxa4 64. Kxc4 Ke7 65. Bxh5 Kf6 66. Bf3 Nc5 67. Bc6 Ne4 68. Bxe4 fxe4 69.
Kd4 Kf5 70. h5 a5 71. g4+ Kf6 72. Kxe4 a4 73. Kd3 b5 74. Kc3 Kf7 75. h6 Kg6 76.
g5 Kh7 77. Kb4 Kg6 78. Ka3 Kh7 79. Kb4 Kg6 80. Ka3 Kh7 81. Kb4 1/2-1/2

[Event "Early-Titled-Tuesday-Blitz-March-05-2024"]
[Site "Chess.com"]
[Date "2024.03.05"]
[Round "6"]
[White "karinachess1"]
[Black "Vse_po_kaify"]
[Result "0-1"]
[WhiteElo "2580"]
[BlackElo "2347"]
[TimeControl "180+1"]
[EndTime "9:10:42 PST"]
[Termination "Vse_po_kaify won on time"]

1. d4 Nf6 2. c4 e6 3. Nc3 Bb4 4. a3 Bxc3+ 5. bxc3 d6 6. f3 O-O 7. e4 e5 8. Bg5 Re8 9. Bd3 h6 10. Bh4 d5 11. cxd5 exd4 12. cxd4 c6 13. Ne2 cxd5 14. e5 Qa5+ 15. Kf2 Nh7 16. f4 Nc6 17. Rf1 Nf8 18.
Kg1 Bg4 19. h3 Bxe2 20. Bxe2 Ne6 21. Bf2 Nxf4 22. Bf3 Qc3 23. Rb1 Re7 24. Rb3 Qa5 25. Be3 Ne6 26. Qd3 Qa4 27. Rd1 Rd8 28. Rbb1 Na5 29.
Rf1 Nc4 30. Bc1 Qa6 31. Bd1 Qc6 32. Bc2 Nf8 33. Rf2 b5 34. Bf4 Qb6 35. Rbf1 Rc8 36. Qg3 Qxd4 37. Bf5 Rce8 38. Bxh6 Qxe5 39. Qg4 Ne3 40.
Bxe3 Qxe3 41. Kh1 Qh6 42. Bc2 Re1 43. Qb4 Rxf1+ 44. Rxf1 Qe6 45. Qxb5 d4 46. Bb3 Qe2 47. Bxf7+ Kh8 48. Qh5+ Qxh5 49. Bxh5 Rd8 50. Be2 Ne6 51. Bc4 Nc5 52. Rd1 Kh7 53. Kg1 Kg6 54. Kf2 Kf5 55.
Kf3 Ke5 56. Re1+ Kd6 57. Rd1 Ke5 58. Re1+ Kf5 59. g4+ Kf6 60. Kf4 d3 61. Rd1 d2 62.
Ke3 Kg5 63. Rxd2 Re8+ 64. Kd4 Rd8+ 65. Kc3 Ne4+ 66. Kb4 Nxd2 67. Bb5 Rb8 68. Kc5 Ne4+ 69. Kc6 Nc3 70. Bc4 Rb6+ 71. Kc5 Kh4 72. Kd4 Nd1 0-1

[Event "Early-Titled-Tuesday-Blitz-March-05-2024"]
[Site "Chess.com"]
[Date "2024.03.05"]
[Round "6"]
[White "mertfelin"]
[Black "elmusmolamas"]
[Result "0-1"]
[WhiteElo "2340"]
[BlackElo "2513"]
[TimeControl "180+1"]
[EndTime "9:10:43 PST"]
[Termination "elmusmolamas won by resignation"]

1. e4 e6 2. d4 d5 3. Nc3 dxe4 4. Nxe4 Nf6 5. Nxf6+ Qxf6 6. Nf3 h6 7. Bd3 c5 8. Be3 Nd7 9. O-O Be7 10. Re1 O-O 11. c3 b6 12. Be4 Rb8 13. Qd2 Bb7 14. Bxb7 Rxb7 15. Rad1 Rd8 16. Qe2 Rbb8 17. h3 Qf5 18.
c4 Bf6 19. d5 e5 20. Bc1 Re8 21. Nd2 Bg5 22. Ne4 Qg6 23. Bxg5 hxg5 24. Qd2 g4 25. hxg4 Qxg4 26. a4 Nf8 27. g3 Ng6 28. Qg5 Qxg5 29.
Nxg5 Rbd8 30. d6 f6 31. Ne4 Kf7 32. Nc3 Rd7 33. a5 Red8 34. axb6 axb6 35. Nb5 Nh8 36. Ra1 Kg6 37. Ra6 Nf7 38. Rxb6 Nxd6 39. Nxd6 Rxd6 40. Rb7 Rd2 41. Re4 Kf5 42. Re3 Kg6 43. Rb5 Rc2 44.
b3 Rdd2 45. Rf3 e4 46. Rf4 e3 47. fxe3 Rg2+ 48. Kf1 Rxg3 49. Rxc5 Rxe3 50. Rf2 Rxf2+ 51. Kxf2 Rxb3 52. Rc7 f5 53. c5 Kf6 54. c6 g5 55.
Rb7 Rc3 56. c7 g4 57. Ra7 Kg5 58. Kg2 Rc2+ 59. Kg1 g3 60. Ra3 f4 61. Ra7 Kg4 62. Kf1 Rc1+ 63. Ke2 g2 64. c8=Q+ Rxc8 65. Rg7+ Kf5 66. Rxg2 Rc2+ 67. Kf1 Rc1+ 68. Ke2 Ke4 69. Rg8 Rc2+ 70. Kf1 Kf3 71. Ke1 Rc1+ 72. Kd2 Rh1 73. Rf8 Kg3 74. Ke2 Rh2+ 75. Kf1 Ra2 76. Rb8 Ra1+ 77. Ke2 f3+ 78. Ke3 Re1+ 79. Kd2 f2 80.
Rg8+ Kh4 81. Rh8+ Kg5 82. Rg8+ Kh6 83. Rh8+ Kg7 0-1

[Event "Early-Titled-Tuesday-Blitz-March-05-2024"]
[Site "Chess.com"]
[Date "2024.03.05"]
[Round "6"]
[White "SchmakAttack"]
[Black "Kunalm64"]
[Result "1-0"]
[WhiteElo "2812"]
[BlackElo "2621"]
[TimeControl "180+1"]
[EndTime "9:10:44 PST"]
[Termination "SchmakAttack won by resignation"]

1. c4 Nf6 2. Nc3 e5 3. Nf3 Nc6 4. d3 Bb4 5. Bd2 O-O 6. g3 Re8 7. Bg2 Bxc3 8. Bxc3 d5 9. cxd5 Nxd5 10. Rc1 Nxc3 11.
Rxc3 Bg4 12. O-O Qd7 13. Qa4 Bh3 14. Rfc1 Bxg2 15. Kxg2 Re6 16. Qb5 Qc8 17. b4 a6 18.
Qc4 Qd7 19. a4 h6 20. Qe4 Nd4 21. Qxb7 Rf8 22. Rxc7 Qxa4 23. Nxd4 exd4 24. Re7 Rxe7 25. Qxe7 Qb5 26. Rc7 Qd5+ 27. Qe4 Qxe4+ 28. dxe4 Re8 29. Kf3 Rd8 30. Rc6 d3 31. exd3 Rxd3+ 32. Ke2 Rb3 33.
Rxa6 Rxb4 34. Ke3 h5 35. h4 Rb3+ 36. Kf4 Rb2 37. f3 g6 38. Ra7 Kg7 39. e5 Re2 40.
Rb7 Re1 41. Rb2 Rd1 42. Re2 Rd4+ 43. Re4 Rd2 44. e6 fxe6 45. Rxe6 Kf7 46. Re4 Kf6 47. Ra4 Rb2 48. Ra6+ Kg7 49. Re6 Kf7 50. Rd6 Kg7 51. g4 hxg4 52. fxg4 Rb4+ 53. Kf3 Rb3+ 54. Kf4 Rb4+ 55.
Kf3 Rb3+ 56. Ke4 Rb4+ 57. Rd4 Rb3 58. Kf4 Rb5 59. Re4 g5+ 60. hxg5 Kg6 61. Re6+ Kg7 62.
Re5 Rb4+ 63. Kf5 Rb1 64. Re7+ Kg8 65. Kf6 Rb6+ 66. Re6 Rb4 67. Kg6 Kf8 68. Rf6+ Kg8 69. Rc6 Kf8 70. Rc8+ Ke7 71. Kg7 Rxg4 72. g6 Rg1 73. Rc2 Ke6 74. Re2+ Kf5 75. Kf7 1-0

[Event "Early-Titled-Tuesday-Blitz-March-05-2024"]
[Site "Chess.com"]
[Date "2024.03.05"]
[Round "6"]
[White "MikeSailer"]
[Black "KVAIDAN"]
[Result "1-0"]
[WhiteElo "2191"]
[BlackElo "2318"]
[TimeControl "180+1"]
[EndTime "9:10:45 PST"]
[Termination "MikeSailer won by resignation"]

1. d4 e6 2. Nf3 f5 3. g3 Nf6 4.
Bg2 d6 5. b3 Be7 6. Bb2 O-O 7.
Nbd2 Qe8 8. e3 Qh5 9. Qe2 Nc6 10.
h3 Ne4 11. O-O-O a5 12. a4 Nb4 13. Rde1 Bd7 14. Nxe4 fxe4 15. Nd2 Qxe2 16. Rxe2 d5 17.
f3 b5 18. axb5 Bxb5 19. Rf2 a4 20. bxa4 Rxa4 21. f4 c5 22. dxc5 Bxc5 23. Re1 Rc8 24.
Nb3 Bd6 25. Nd4 Nd3+ 26. Kd2 Nxe1 27. Nxb5 Rxc2+ 28. Kxe1 Rxf2 29. Kxf2 Bc5 30. Bd4 Ra2+ 31. Kg1 Bb4 32. h4 Kf7 33. Bh3 g6 34. Nc7 Bd6 35. Bxe6+ Ke7 36. Bxd5 Ra5 37. Bb6 Ra1+ 38. Kg2 Rd1 39.
Bxe4 Rb1 40. Ba5 Rb2+ 41. Kf3 Ra2 42. Nd5+ Ke6 43. Bc3 Ra3 44. Bd4 h5 45. Nf6 Be7 46.
Nd5 Bd6 47. Nc3 Rb3 48. Nd5 Rb8 49. Nc3 Kf7 50. Bd5+ Ke7 51. Ne4 Bb4 52. Bf6+ Kf8 53. Be5 Rc8 54. Nd6 Rc1 55. Be4 Ke7 56. Nb5 Kf7 57. Nd4 Bd2 58. Bd5+ Kf8 59. Ne6+ Ke7 60.
Bd4 Rf1+ 61. Ke2 Rg1 62. Kxd2 Rxg3 63. Kd3 Rg4 64. Ke4 Rxh4 65. Ng5 Rg4 66. Bc5+ Kf6 67.
Bd4+ Ke7 68. Kf3 Rg1 69. e4 Rd1 70. Ke3 h4 71. e5 Re1+ 72. Kd3 Rd1+ 73. Ke4 Re1+ 74.
Kd3 Rd1+ 75. Ke3 Re1+ 76. Kf2 Rd1 77. Bc5+ Ke8 78. Bc6+ Kd8 79. e6 Rd2+ 80. Ke3 Rd1 81. e7+ Kc7 82. e8=Q Re1+ 83. Kf2 Rxe8 84. Bxe8 h3 85.
Bxg6 h2 86. Kg2 Kc6 87. Kxh2 Kxc5 88. f5 Kd6 89. f6 Kd7 90. f7 Ke7 91. Nh7 Ke6 92.
f8=Q Ke5 93. Qf5+ Kd4 94. Nf6 1-0

[Event "Early-Titled-Tuesday-Blitz-March-05-2024"]
[Site "Chess.com"]
[Date "2024.03.05"]
[Round "6"]
[White "PepeCuenca"]
[Black "verrbaa"]
[Result "1-0"]
[WhiteElo "2697"]
[BlackElo "2519"]
[TimeControl "180+1"]
[EndTime "9:10:48 PST"]
[Termination "PepeCuenca won on time"]

1. d4 Nf6 2. c4 e6 3. Nf3 d5 4. Nc3 Bb4 5. cxd5 exd5 6. Bg5 h6 7. Bh4 g5 8. Bg3 Ne4 9. Nd2 Nxc3 10. bxc3 Bxc3 11.
Rc1 Bxd2+ 12. Qxd2 c6 13. h4 g4 14. h5 Nd7 15. Bh4 Qc7 16. Qe3+ Kf8 17. g3 Qa5+ 18. Rc3 Kg7 19. Bg2 Re8 20. Qd2 Nf6 21. Bxf6+ Kxf6 22. Qxh6+ Ke7 23. Qd2 Bf5 24. O-O Kd7 25. Rfc1 Re7 26. Qb2 Ke8 27. e3 Qd8 28. Rb3 Rb8 29.
a4 Be4 30. Rxc6 Bxg2 31. Kxg2 Kf8 32. Rc5 b6 33. Rcb5 Rc8 34. a5 bxa5 35. Qa3 Kg8 36.
Rxa5 Rcc7 37. Ra6 Qd7 38. Qb4 Qf5 39. Qb8+ Kg7 40. h6+ Kh7 41. Rb2 Qf3+ 42. Kh2 Qf5 43. Qf8 Qh5+ 44. Kg2 Qg5 45. Qg7+ Qxg7 46. hxg7 Kxg7 47.
Rb5 Red7 48. Raa5 Rb7 49. Rxd5 Rxd5 50. Rxd5 Kf6 51. Re5 Rb2 52. Ra5 Rb7 53. Ra6+ Kf5 54. Ra5+ Ke4 55. Re5+ Kd3 56. Rg5 Rc7 57. Rxg4 a5 58. Rg5 Ra7 59. Rb5 a4 60. d5 a3 61.
Rb1 a2 62. Ra1 Kc2 63. e4 Kb2 64. Rxa2+ Kxa2 65. Kf3 Kb3 66. Kf4 Kc4 67. Kf5 Kd4 68. f4 Re7 69. d6 Rd7 70. e5 Kd5 71. Kf6 Rb7 72. g4 Ke4 73. f5 Kf4 74. e6 fxe6 75. fxe6 Rb6 76. d7 1-0

[Event "Early-Titled-Tuesday-Blitz-March-05-2024"]
[Site "Chess.com"]
[Date "2024.03.05"]
[Round "6"]
[White "Iskusnyh"]
[Black "MathiasWomacka"]
[Result "1-0"]
[WhiteElo "2688"]
[BlackElo "2513"]
[TimeControl "180+1"]
[EndTime "9:10:48 PST"]
[Termination "Iskusnyh won on time"]

1. d4 Nf6 2. c4 e6 3. g3 c5 4. Nf3 cxd4 5. Nxd4 Qc7 6. Nd2 Nc6 7.
N4b3 b6 8. Bg2 Bb7 9. O-O Be7 10. Nf3 O-O 11. Bf4 d6 12. Rc1 Rac8 13. Qd2 Rfd8 14.
Rfd1 Ne5 15. Qe1 Qb8 16. Nxe5 dxe5 17. Bxb7 Qxb7 18. Bxe5 Rxd1 19. Qxd1 Qe4 20. Bxf6 Bxf6 21. Qc2 Qe5 22. Rb1 h5 23. Qd3 h4 24. Kg2 Rd8 25.
Qf3 Rc8 26. Nd2 Qd4 27. Qd3 Qxd3 28. exd3 Rd8 29. Ne4 Rxd3 30. Nxf6+ gxf6 31. b3 hxg3 32. hxg3 Rd2 33. a4 a5 34. b4 Ra2 35. c5 bxc5 36. b5 Rd2 37. b6 Rd8 38. Rb5 Rb8 39. Kf3 Kf8 40. Ke3 Ke7 41. Kd3 Kd6 42. Kc4 f5 43. f4 f6 44. Rxc5 Rxb6 45. Rxa5 Rc6+ 46. Kd4 Rc1 47. Ra6+ Kd7 48. Ra7+ Kd6 49. a5 Rd1+ 50. Kc4 Rc1+ 51. Kb5 Rb1+ 52. Ka6 e5 53. Rb7 Ra1 54.
Rb6+ Kd5 55. Rxf6 e4 56. Rxf5+ Kd4 57. Re5 e3 58. Kb7 Kd3 59. a6 e2 60. a7 Rb1+ 61. Kc6 Ra1 62. Kb6 Rb1+ 63. Rb5 Ra1 64. Rd5+ Kc2 65.
Re5 Kd2 66. f5 e1=Q 67. Rxe1 Kxe1 68. f6 Rb1+ 69. Kc7 Ra1 70. Kb6 Rb1+ 71. Kc6 Ra1 72. f7 Rxa7 73. f8=Q Ra2 74. Qe7+ Kf2 75. Qf7+ Kxg3 76.
Qxa2 1-0

[Event "Early-Titled-Tuesday-Blitz-March-05-2024"]
[Site "Chess.com"]
[Date "2024.03.05"]
[Round "6"]
[White "tetrix83"]
[Black "RobertoJBM"]
[Result "1/2-1/2"]
[WhiteElo "2640"]
[BlackElo "2844"]
[TimeControl "180+1"]
[EndTime "9:10:52 PST"]
[Termination "Game drawn - insufficient material"]

1. Nf3 d5 2. g3 c6 3. Bg2 Bg4 4. c4 e6 5. cxd5 exd5 6. h3 Be6 7. O-O Nf6 8. d3 Bc5 9. Qb3 Qb6 10. Qc2 Nbd7 11. Nc3 Be7 12. e4 O-O 13. Be3 Qa5 14. Nd4 Rfc8 15. a3 Nf8 16. e5 Ne8 17. f4 f5 18. g4 g6 19. Nxe6 Nxe6 20. d4 N8g7 21. b4 Qd8 22. Qb3 Kh8 23. a4 Qb6 24. Rfd1 Qxb4 25. Rab1 Qxb3 26. Rxb3 Rc7 27. Kh2 fxg4 28. hxg4 h5 29. Bf3 hxg4 30. Bxg4 Nf5 31. Ne2 Rf8 32. Rh1 Kg7 33. Bxf5 Rxf5 34. Kg3 b6 35. Kg4 Rf8 36.
Ng3 c5 37. f5 gxf5+ 38. Nxf5+ Kf7 39. Rh7+ Ke8 40. dxc5 Bxc5 41. Rxc7 Nxc7 42. Bxc5 bxc5 43. Rb8+ Kf7 44. Rb7 Ke6 45. Rxc7 Rxf5 46. Rxc5 Rxe5 47. Ra5 Re4+ 48. Kf3 Ke5 49. Rxa7 Rb4 50. Ra8 Rb3+ 51. Ke2 Ke4 52. a5 Rb2+ 53. Kd1 Kd3 54. Kc1 Rc2+ 55. Kb1 Rc7 56. a6 d4 57. a7 Kc3 58.
Kc1 d3 59. Kd1 d2 60. Rh8 Rxa7 61. Rh3+ Kd4 62. Kxd2 Ra2+ 63. Kc1 Ke4 64. Kb1 Rf2 65. Rb3 Kd4 66. Rb2 Rf1+ 67. Ka2 Kc3 68. Rb3+ Kc4 69.
Rb1 Rf2+ 70. Rb2 Rf7 71. Kb1 Kc3 72. Rc2+ Kd3 73. Rb2 Kd4 74. Rc2 Rf8 75. Rb2 Kd3 76. Rb3+ Kc4 77. Rb2 Rf1+ 78. Ka2 Re1 79. Rh2 Re7 80.
Rh4+ Kc3 81. Rh3+ Kd4 82. Rh4+ Re4 83. Rxe4+ Kxe4 1/2-1/2

[Event "Early-Titled-Tuesday-Blitz-March-05-2024"]
[Site "Chess.com"]
[Date "2024.03.05"]
[Round "6"]
[White "Semetey"]
[Black "AttilaTurzo"]
[Result "1-0"]
[WhiteElo "2599"]
[BlackElo "2469"]
[TimeControl "180+1"]
[EndTime "9:10:53 PST"]
[Termination "Semetey won on time"]

1. e4 c5 2. Nf3 d6 3. d4 cxd4 4.
Nxd4 Nf6 5. Nc3 a6 6. a3 e5 7. Nf3 h6 8. Bc4 Be7 9. O-O O-O 10. h3 Be6 11. Bxe6 fxe6 12. Nh2 Nc6 13. Ng4 Qe8 14. Nxf6+ Rxf6 15. Be3 Qg6 16. Qd3 Raf8 17. Rad1 Rf3 18.
Kh2 Qh5 19. Ne2 R3f7 20. Ng3 Qg6 21. Ne2 Kh8 22. f3 Rd8 23. c4 Bg5 24. Bg1 Rfd7 25. Kh1 d5 26. exd5 Qxd3 27. Rxd3 exd5 28. Rfd1 d4 29. Ng3 a5 30. b3 Be7 31. Ra1 Bc5 32. Ne4 b6 33. Bh2 Rb7 34. Bg3 Be7 35. Be1 b5 36. c5 Rd5 37. b4 Ra7 38. Rb1 axb4 39.
Bxb4 Rd8 40. Be1 Rda8 41. Rxb5 Rxa3 42. Rxa3 Rxa3 43. Kh2 d3 44. Rb6 Nd4 45. c6 Ra7 46. Bc3 Rc7 47. Bxd4 exd4 48. Kg3 Kg8 49. Kf2 Kf7 50.
Ke1 Ke6 51. Kd2 Kd5 52. Kxd3 Rxc6 53. Rxc6 Kxc6 54. Kxd4 Kd7 55. Ke5 Ke8 56. Ke6 Kf8 57.
Nd6 Bf6 58. Nf5 Kg8 59. Nxh6+ Kh7 60. Ng4 Bg5 61. Kf5 Bd2 62. f4 g6+ 63. Ke4 Kg7 64. Ne5 Kf6 65. Nf3 Bc1 66. Nd4 Bd2 67. f5 gxf5+ 68.
Nxf5 Bc1 69. g4 Kg5 70. Kf3 Bd2 71. h4+ Kg6 72. Ng3 Be1 73. h5+ Kg5 74. Ne4+ Kh6 75.
Kf4 Ba5 76. Kf5 Bd8 77. Nf6 Bc7 78. g5+ Kg7 79. h6+ Kh8 80. g6 1-0

[Event "Early-Titled-Tuesday-Blitz-March-05-2024"]
[Site "Chess.com"]
[Date "2024.03.05"]
[Round "6"]
[White "chess_blitz00"]
[Black "ansko1999"]
[Result "1-0"]
[WhiteElo "2543"]
[BlackElo "2711"]
[TimeControl "180+1"]
[EndTime "9:10:56 PST"]
[Termination "chess_blitz00 won by checkmate"]

1. d4 d5 2. Nf3 c6 3. b3 Bf5 4. Bb2 e6 5. e3 Nf6 6. Be2 h6 7. O-O Nbd7 8. Nbd2 Bd6 9. Ne5 O-O 10. f4 Ne4 11.
Nxe4 Bxe4 12. Bd3 Bxd3 13. cxd3 Qe8 14. Rf3 f6 15. Nxd7 Qxd7 16. Rg3 a5 17. Qh5 Kh8 18. a3 Qf7 19. Qh3 f5 20. Kh1 Ra6 21. Bc3 Rb6 22. Rb1 Bxa3 23. Bxa5 Ra6 24. Bc3 Be7 25.
Rf3 Qg6 26. Rg3 Qf7 27. Rf3 Ra2 28. Qg3 Rfa8 29. Rf2 Qh5 30. Rxa2 Rxa2 31. Qe1 Bh4 32. Qd1 Qxd1+ 33. Rxd1 Bf2 34. Rd2 Rxd2 35. Bxd2 Bh4 36.
Bb4 Kg8 37. g3 Bd8 38. Bd6 Kf7 39. Kg2 Be7 40. Be5 g5 41. h3 Kg6 42. Kf3 h5 43. g4 hxg4+ 44. hxg4 Bd8 45. gxf5+ exf5 46. fxg5 Bxg5 47.
Bf4 Bh4 48. Be5 Be1 49. Bd6 Bd2 50. Bc5 Be1 51. Bb6 Kf6 52. Bc5 Ke6 53. Ke2 Ba5 54. Kf3 Bc7 55. e4 fxe4+ 56. dxe4 dxe4+ 57. Kxe4 Bb8 58. Bb6 Bd6 59. Bc5 Bg3 60. Bb6 Bh2 61.
Bc5 b5 62. Bb6 Bd6 63. Bc5 Bxc5 64. dxc5 Kf6 65. Kf4 Ke6 66. Ke4 Kf6 67. b4 Ke6 68. Kf4 Kd5 69. Kf5 Kc4 70. Ke6 Kxb4 71. Kd6 Kc4 72.
Kxc6 b4 73. Kd6 b3 74. c6 b2 75. c7 b1=Q 76. c8=Q+ Kd3 77. Qf5+ Kd2 78. Qxb1 Kc3 79. Qc1+ Kd4 80. Qf4+ Kd3 81. Kd5 Ke2 82. Qg3 Kd2 83. Qf3 Kc2 84. Qe3 Kb2 85. Qd3 Kc1 86. Qe2 Kb1 87. Kc4 Ka1 88. Kc3 Kb1 89. Qb2# 1-0

[Event "Early-Titled-Tuesday-Blitz-March-05-2024"]
[Site "Chess.com"]
[Date "2024.03.05"]
[Round "6"]
[White "Gryffindorac8"]
[Black "WindWhistler11"]
[Result "0-1"]
[WhiteElo "2387"]
[BlackElo "2528"]
[TimeControl "180+1"]
[EndTime "9:11:02 PST"]
[Termination "WindWhistler11 won by resignation"]

1. d4 Nf6 2. c4 e6 3. Nf3 c5 4. d5 exd5 5. cxd5 Bd6 6. Nc3 O-O 7. Bg5 Re8 8. e3 Bc7 9. Be2 d6 10. O-O Nbd7 11. Nd2 h6 12. Bh4 a6 13. a4 Rb8 14.
Qc2 Ne5 15. h3 Ng6 16. Bg3 Ba5 17. Nc4 Bc7 18. a5 h5 19. Rfd1 h4 20. Bh2 Ne7 21. e4 b5 22. axb6 Bxb6 23. Bxd6 Rb7 24. e5 Nf5 25. Nxb6 Rxb6 26. Bxc5 Nd7 27. Bxb6 Nxb6 28. Bxa6 Bxa6 29. Rxa6 g6 30. e6 Nc4 31. exf7+ Kxf7 32. Ne4 Ne5 33. d6 Kg7 34. d7 Re7 35. Qc8 Nf7 36.
Qxd8 Nxd8 37. Ra8 Nf7 38. d8=Q Nxd8 39. Raxd8 Rxe4 40. Rb8 Kh6 41. b4 Nd4 42. Rb1 Ne2+ 43. Kf1 Nc3 44. Re1 Rf4 45. Re3 Ne4 46. f3 Nf6 47. Rb3 Nh5 48. b5 Ng3+ 49. Ke1 Ra4 50. b6 Ra1+ 51. Kd2 Ra2+ 52. Kd3 Ne2 53. b7 Nc1+ 54. Kc4 Nxb3 55. Rh8+ Kg5 56. b8=Q Na5+ 57.
Kd4 Nc6+ 58. Ke3 Nxb8 59. Rxb8 Rxg2 60. Rb5+ Kh6 61. Kf4 Rg3 62. Rb8 Rxh3 63. Rh8+ Kg7 64. Rb8 Rg3 65. Rb1 Kh6 66. Rb8 g5+ 67. Ke4 Kg7 68. Rb7+ Kg6 69. Rb6+ Kh5 70. Rb8 h3 71. Rh8+ Kg6 72. f4 g4 73. f5+ Kg7 74. Rh4 Rg2 75.
Kf4 Kf6 76. Rh6+ Kf7 77. Rg6 h2 78. Rh6 g3 79. Kg5 Rg1 80. Rh7+ Kg8 81. Kg6 h1=Q 82. Ra7 Qc6+ 83. f6 Rf1 84. Re7 Qxf6+ 0-1

[Event "Early-Titled-Tuesday-Blitz-March-05-2024"]
[Site "Chess.com"]
[Date "2024.03.05"]
[Round "6"]
[White "Hauptsache_Gambit"]
[Black "deepfear"]
[Result "1-0"]
[WhiteElo "2212"]
[BlackElo "1959"]
[TimeControl "180+1"]
[EndTime "9:11:03 PST"]
[Termination "Hauptsache_Gambit won on time"]

1. e4 c5 2. b4 b6 3. Bc4 e6 4. Nf3 Bb7 5. O-O Bxe4 6. d3 Bb7 7. Bb2 Nf6 8. bxc5 bxc5 9. Nbd2 a6 10.
Rb1 Bc6 11. Ne5 d5 12. Nxc6 Nxc6 13. Bb3 Bd6 14. Nf3 O-O 15. Ng5 h6 16. Nf3 Bc7 17. Re1 d4 18. Bc1 Rb8 19. Bd2 Qd6 20. g3 Rfe8 21. Bf4 e5 22. Bd2 Na5 23. Nh4 Nxb3 24. axb3 Qd7 25. Ng2 e4 26. dxe4 Nxe4 27. Bf4 Bxf4 28.
Nxf4 Nc3 29. Qd3 Nxb1 30. Rxb1 Re7 31. Qxa6 Rbe8 32. Nd3 Qd5 33. Rc1 Re2 34. Nf4 Qf3 35. Nxe2 Rxe2 36. Rf1 Rxc2 37. Qa4 Rc3 38. b4 cxb4 39.
Qxb4 Rb3 40. Qxd4 Rd3 41. Qa7 Ra3 42. Qb8+ Kh7 43. Qe5 Rd3 44. h4 f6 45. Qe8 Qf5 46.
Kg2 Qd5+ 47. Kg1 Qf3 48. Re1 Qf5 49. Qe2 Rd5 50. Qf1 Re5 51. Rd1 Rd5 52. Rc1 Rc5 53. Ra1 Rc3 54. Ra4 Qg6 55. Rf4 Rd3 56. Kh2 Rd6 57.
Qg2 Rd3 58. Qh3 Rd2 59. Kg2 Qc2 60.
h5 Qc6+ 61. Kh2 Qc2 62. Qg2 Re2 63. Qf3 Qd2 64. Kg2 Qc2 65. g4 Qd2 66. Kg3 Qc2 67.
Qg2 Rd2 68. Rf3 Rd3 69. Kh3 Rxf3+ 70. Qxf3 Qb1 71. Kg3 Qc2 72. Qf4 Qc3+ 73. f3 Qc1 74. Qf5+ Kg8 75. Qe6+ Kh7 76. Qe4+ Kg8 77. f4 Qb2 78. Qf3 Qc1 79. Qd3 Qe1+ 80. Kf3 Qh1+ 81. Ke3 Qh3+ 82. Ke4 Qh1+ 83. Kf5 1-0